 Dungeon Crawl Stone Soup version 0.26.1-11-gd32895ea62 (webtiles) character file.

Game seed: 7903330615589409397

116 Zeld the Slasher (level 5, 0/38 HPs)
             Began as a Human Gladiator on June 5, 2021.
             Killed from afar by Natasha (5 damage)
             ... with a puff of flame
             ... on level 2 of the Dungeon.
             The game lasted 00:03:46 (3386 turns).

Zeld the Slasher (Human Gladiator)                  Turns: 3386, Time: 00:03:47

Health: 0/38       AC:  5    Str: 15    XL:     5   Next: 20%
Magic:  5/5        EV: 13    Int:  9    God:
Gold:   141        SH:  0    Dex: 14    Spells: 4/4 levels left

rFire    . . .     SeeInvis .   a - +0 long sword
rCold    . . .     Faith    .   (no shield)
rNeg     . . .     Spirit   .   b - +0 leather armour
rPois    .         Reflect  .   c - +0 helmet
rElec    .         Harm     .   (no cloak)
rCorr    .         Rampage  .   h - +0 pair of gloves
Will     .....                  (no boots)
Stlth    +.........             (no amulet)
HPRegen  0.12/turn              (no ring)
MPRegen  0.09/turn              (no ring)

@: no status effects
A: no striking features
a: no special abilities


You were on level 2 of the Dungeon.
You visited 1 branch of the dungeon, and saw 2 of its levels.

You collected 141 gold pieces.

Inventory:

Hand Weapons
 a - a +0 long sword (weapon)
Missiles
 d - 3 throwing nets (quivered)
Armour
 b - a +0 leather armour (worn)
 c - a +0 helmet (worn)
 h - a +0 pair of gloves (worn)
Jewellery
 g - an uncursed ring of fire {unknown}
 o - a +4 ring of evasion {unknown}
Scrolls
 e - a scroll of teleportation {unknown}
 f - a scroll of identify {unknown}
 i - a scroll of fog {unknown}
 k - 2 scrolls of enchant armour {unknown}
 m - a scroll of remove curse {unknown}
 p - a scroll of immolation {unknown}
Potions
 j - 2 potions of heal wounds {unknown}
 l - a potion of cancellation {unknown}
 n - 2 potions of attraction {unknown}
 q - a potion of lignification {unknown}
 r - 2 potions of magic {unknown}


   Skills:
 - Level 2.0 Fighting
 * Level 5.5 Long Blades
 - Level 2.0 Throwing
 - Level 3.0 Dodging


You had 4 spell levels left.
You didn't know any spells.
Your spell library was empty.

Dungeon Overview and Level Annotations

Branches:
Dungeon (2/15)

Altars:

Annotations:
D:2 1 runed translucent door, Crazy Yiuf, Natasha


Message History

The crimson imp is heavily wounded.
The crimson imp closely misses you. The crimson imp misses you.
You hit the crimson imp but do no damage.
The crimson imp is heavily wounded.
The crimson imp misses you.
You riposte.
You barely miss the crimson imp.
The crimson imp is moderately wounded.
You closely miss the crimson imp.
The crimson imp is moderately wounded.
The crimson imp closely misses you.
You hit the crimson imp but do no damage.
The crimson imp is moderately wounded.
The crimson imp closely misses you.
You hit the crimson imp.
The crimson imp is moderately wounded.
The crimson imp barely misses you.
You barely miss the crimson imp.
The crimson imp is moderately wounded.
The crimson imp disappears in a puff of smoke!
Natasha zaps a wand.
The puff of flame hits you.
You die...

.......##
#.....P..♣..♣#...#
..#...#.#######.##..P.♣.♣♣♣
###
.....###........####♣♣♣♣♣
#.#...#.#########
#.#.......## ##
#.#..#.#...## #.#
#.#..#......#######.#
#.#..#...........§h##
.....##.....####@#..#
..#.####.........#.#5.....
###.# ###########l.......
#.# #..##.##. ###.# #..# #
....# #... ##### #..## #..#
#...


You could see Natasha.

Vanquished Creatures
  Jessica (D:2)
  Robin (D:1)
  A gnoll (D:1)
  An adder (D:1)
  An ooze (D:1)
  3 dart slugs (D:1)
  2 leopard geckos
  3 bats
  3 giant cockroaches (D:1)
  10 goblins
  8 hobgoblins
  A quokka (D:2)
  A ball python (D:1)
  2 frilled lizards
  A kobold (D:2)
  9 rats
48 creatures vanquished.

Notes
Turn   | Place    | Note
-------+----------+-------------------------------------------
     0 | D:1      | Zeld the Human Gladiator began the quest for the Orb.
     0 | D:1      | Reached XP level 1. HP: 16/16 MP: 1/1
    56 | D:1      | Reached XP level 2. HP: 22/22 MP: 2/2
   795 | D:1      | Reached skill level 4 in Long Blades
   795 | D:1      | Reached XP level 3. HP: 27/27 MP: 3/3
  1949 | D:2      | Noticed Jessica
  2429 | D:1      | Reached XP level 4. HP: 14/33 MP: 4/4
  2911 | D:2      | Killed Jessica
  2912 | D:2      | Reached skill level 5 in Long Blades
  2914 | D:2      | Noticed Robin
  2933 | D:1      | Killed Robin
  2934 | D:1      | Reached XP level 5. HP: 23/38 MP: 5/5
  3322 | D:2      | Found a runed translucent door.
  3323 | D:2      | Noticed Crazy Yiuf
  3363 | D:2      | Noticed Natasha
  3386 | D:2      | Killed from afar by Natasha

Illustrated notes

Levels and vault maps discovered:
D:1:      dpeg_arrival_shelter, layout_rooms
D:2:      layout_loops_ring, nzn_hepliaklqana_mist_gate,
          chequers_serial_rivers_micro_d, uniq_natasha, uniq_jessica,
          uniq_robin, uniq_crazy_yiuf_cottage

Skill      XL: |  1  2  3  4 |
---------------+-------------+-----
Long Blades    | 4 5 |  5.5
Fighting       | |  2.0
Throwing       | |  2.0
Dodging        | |  3.0

Action                   |  1- 3 |  4- 6 || total
-------------------------+-------+-------++-------
Melee: Long sword        |    84 |    72 ||   156
Armor: Leather armour    |    23 |    17 ||    40
Dodge: Dodged            |    72 |    77 ||   149
       Rpst.: Long sword |    20 |    21 ||    41
